Sabres vs Sharks
Created - 7 mars 2014 at 19:41
Goals
|
| Sabres |
2 |
1 |
2 |
5 |
| Sharks |
0 |
2 |
1 |
3 |
|
Shots
|
| Sabres |
14 |
5 |
11 |
30 |
| Sharks |
6 |
13 |
6 |
25 |
|
1st period
1. Sabres , Peter Prucha 8 (Kyle Calder, Derick Brassard) at 9:15
2. Sabres , Kyle Calder 11 (Peter Prucha, Jason Smith) at 15:42
Penalties :
Daniel Sedin (SJS) for Interference (Minor) at 16:12
2nd period
3. Sabres , Mike Fisher 15 (James Neal, Ryan Hollweg) at 13:35
4. Sharks , Filip Kuba 5 (Teemu Selanne, Mikko Koivu) at 14:13
5. Sharks , Sheldon Keefe 10 (Nikolai Zherdev, Joni Pitkanen) at 16:31
Penalties :
David Krejci (SJS) for Roughing (Minor) at 1:02, Ryan Hollweg (Buf) for High sticking (Minor) at 14:25, Mikko Koivu (SJS) for Tripping (Minor) at 18:23
3rd period
6. Sabres , Peter Prucha 9 (Derick Brassard) at 8:40
7. Sabres , Steve Downie 20 (Ole-Kristian Tollefsen, Mike Fisher) at 9:25
8. Sharks , Shaone Morrisonn 4 (Martin Samuelsson, Nikolai Zherdev) at 14:06
Penalties :
Rob Niedermayer (Buf) for Hooking (Minor) at 0:26, James Neal (Buf) for Holding (Minor) at 4:03, Curtis Glencross (Buf) for Slashing (Minor) at 11:09
Goalie Stats
Mike Brodeur (Buf), 22 saves from 25 shots - (0,880), W, 15-10-1, 60:00 minutes
Jimmy Howard (SJS), 18 saves from 23 shots - (0,783), L, 20-26-3, 49:25 minutes
Martin Biron (SJS), 7 saves from 7 shots - (1,000), 10:35 minutes
Players Stats for Sabres
Player Name G A P +/- PIM S H SB GA TA FO MP PP MP PK MP
------------------------------------------------------------------------------------
Craig Rivet 0 0 0 0 0 0 1 2 0 1 0/0 24:09 2:14 4:05
Curtis Glencross 0 0 0 -2 2 4 6 0 1 0 0/0 10:44 0:00 1:01
Derick Brassard 0 2 2 3 0 3 1 0 0 0 3/8 14:51 3:21 0:50
James Neal 0 1 1 2 2 0 2 1 1 1 0/0 16:55 3:20 0:43
Jason Smith 0 1 1 2 0 2 3 1 0 3 0/0 23:47 3:43 3:44
Johnny Boychuk 0 0 0 2 0 3 1 2 0 0 0/0 22:44 3:43 3:44
Kyle Calder 1 1 2 3 0 1 0 0 0 0 0/0 9:13 0:05 0:00
Mats Sundin 0 0 0 -2 0 2 4 0 0 1 8/16 22:08 2:31 4:09
Mike Fisher 1 1 2 2 0 2 1 0 2 0 9/14 14:51 0:00 2:15
Nathan Paetsch 0 0 0 0 0 0 2 1 0 1 0/0 12:04 0:00 0:07
Niclas Bergfors 0 0 0 -1 0 3 0 0 2 0 2/2 17:55 3:21 0:00
Ole-Kristian Tollefsen 0 1 1 0 0 2 3 1 0 0 0/0 25:12 2:14 4:05
Peter Prucha 2 1 3 3 0 2 0 1 0 0 0/0 12:30 0:08 1:45
Richard Zednik 0 0 0 0 0 0 1 0 0 0 0/0 7:03 0:03 0:00
Rob Niedermayer 0 0 0 -1 2 0 1 0 0 0 3/5 11:31 0:00 3:09
Ryan Hollweg 0 1 1 -2 2 5 4 0 0 0 1/2 16:50 2:31 0:00
Steve Downie 1 0 1 1 0 1 2 1 1 0 3/3 17:29 2:31 2:00
Tyler Sloan 0 0 0 0 0 0 0 1 0 0 0/0 12:04 0:00 0:07
Players Stats for Sharks
Player Name G A P +/- PIM S H SB GA TA FO MP PP MP PK MP
------------------------------------------------------------------------------------
Adam Mair 0 0 0 0 0 0 0 0 0 0 6/14 17:56 3:41 1:12
Adam Pardy 0 0 0 1 0 0 1 1 1 0 0/0 13:24 0:31 0:02
Daniel Sedin 0 0 0 0 2 6 7 0 0 1 1/1 18:58 3:41 2:20
Dany Heatley 0 0 0 -2 0 2 1 2 1 0 1/4 25:14 4:07 2:51
David Hale 0 0 0 -1 0 0 2 1 1 1 0/0 19:25 2:50 2:58
David Krejci 0 0 0 -1 2 1 1 0 0 0 1/2 10:58 0:00 0:00
Filip Kuba 1 0 1 -2 0 2 3 2 1 0 0/0 27:51 5:06 2:59
Ian Laperriere 0 0 0 0 0 1 4 0 0 1 0/0 16:20 3:41 0:00
Joni Pitkanen 0 1 1 -2 0 1 1 0 0 1 0/0 27:20 4:35 2:59
Martin Samuelsson 0 1 1 0 0 0 1 0 1 0 0/1 7:30 0:00 1:26
Matt Moulson 0 0 0 -1 0 0 1 0 0 1 0/1 13:41 0:00 2:01
Matt Walker 0 0 0 1 0 0 0 2 0 2 0/0 12:44 0:00 0:00
Mikko Koivu 0 1 1 -2 2 4 1 0 0 0 8/22 21:17 4:07 0:50
Nikolai Zherdev 0 2 2 1 0 2 1 0 1 0 1/1 7:48 0:08 0:00
Shaone Morrisonn 1 0 1 -1 0 1 1 2 0 0 0/0 19:25 2:50 2:58
Shean Donovan 0 0 0 1 0 0 0 0 0 0 0/0 0:15 0:08 0:00
Sheldon Keefe 1 0 1 0 0 2 0 1 0 0 0/0 12:16 0:08 0:00
Teemu Selanne 0 1 1 -2 0 3 2 0 1 0 3/4 21:38 4:07 1:12
3 Stars
1 - Peter Prucha (Buf)
2 - Kyle Calder (Buf)
3 - Mike Fisher (Buf)
Power Play
Sabres - 0 on 3 Attempt(s) - 0,00%
Sharks - 0 on 4 Attempt(s) - 0,00%
Penalty Kill
Sabres - 4 on 4 Attempt(s) - 100,00%
- Score 0 goal in Penalty Kill
Sharks - 3 on 3 Attempt(s) - 100,00%
- Score 0 goal in Penalty Kill
Official
Referees : Watson Brad and Hebert Ghislain
Linesman : Brad Kovachik and Michel Cormier
Game Notes
9:15 of 1st period - Sabres goal is going for a video replay. After video review, Goal.
Martin Biron enters game at 9:25 of 3rd period
Finance
Level 1 -- Attendance: 4955 (82,58%) -- Ticket Income 421 175 $
Level 2 -- Attendance: 3625 (72,50%) -- Ticket Income 192 125 $
Level 3 -- Attendance: 1369 (68,45%) -- Ticket Income 46 546 $
Level 4 -- Attendance: 3579 (89,48%) -- Ticket Income 68 001 $
Luxury Box -- Attendance: 667 (66,70%) -- Ticket Income 120 060 $
Game was played at the Hockey Place Center
Total Attendance: 14195 (78,86%)
Total Ticket Income: 847 907 $
Other Income: 127 186 $
Total Income: 975 093 $
Sabres
5 vs 5 Forward
Center Left Wing Right Wing Time % Phy DF OF
1 Mats Sundin Ryan Hollweg Niclas Bergfors 40 1 2 2
2 Mike Fisher James Neal Steve Downie 30 1 3 1
3 Derick Brassard Kyle Calder Peter Prucha 20 0 3 2
4 Rob Niedermayer Curtis Glencross Richard Zednik 10 1 4 0
5 vs 5 Defense
Defense Defense Time % Phy DF OF
1 Ole-Kristian Tollefsen Craig Rivet 40 1 3 1
2 Johnny Boychuk Jason Smith 30 1 3 1
3 Tyler Sloan Nathan Paetsch 20 1 4 0
4 Ole-Kristian Tollefsen Jason Smith 10 1 2 2
PowerPlay Forward
Center Left Wing Right Wing Time % Phy DF OF
1 Derick Brassard James Neal Niclas Bergfors 60 1 0 4
2 Mats Sundin Ryan Hollweg Steve Downie 40 3 0 2
PowerPlay Defense
Defense Defense Time % Phy DF OF
1 Johnny Boychuk Jason Smith 60 1 2 2
2 Ole-Kristian Tollefsen Craig Rivet 40 1 2 2
Penalty Kill 4 Players Forward
Center Wing Time % Phy DF OF
1 Rob Niedermayer Mats Sundin 60 1 4 0
2 Mike Fisher Peter Prucha 40 1 4 0
Penalty Kill 4 Players Defense
Defense Defense Time % Phy DF OF
1 Ole-Kristian Tollefsen Craig Rivet 60 1 4 0
2 Johnny Boychuk Jason Smith 40 1 4 0
Penalty Kill - 3 Players Forward
Forward Time % Phy DF OF
1 Rob Niedermayer 60 0 5 0
2 Mike Fisher 40 0 5 0
Penalty Kill - 3 Players Defense
Defense Defense Time % Phy DF OF
1 Ole-Kristian Tollefsen Craig Rivet 60 1 4 0
2 Johnny Boychuk Jason Smith 40 1 4 0
4 vs 4 Forward
Center Wing Time % Phy DF OF
1 Mike Fisher Ryan Hollweg 60 1 3 1
2 Derick Brassard Niclas Bergfors 40 0 2 3
4 vs 4 Defense
Defense Defense Time % Phy DF OF
1 Ole-Kristian Tollefsen Nathan Paetsch 60 1 3 1
2 Tyler Sloan Jason Smith 40 1 3 1
Last Minutes Offensive
Center Left Wing Right Wing Defense Defense
Mats Sundin Ryan Hollweg Niclas Bergfors Ole-Kristian Tollefsen Jason Smith
Last Minutes Defensive
Center Left Wing Right Wing Defense Defense
Mats Sundin Mike Fisher Rob Niedermayer Ole-Kristian Tollefsen Jason Smith
Goaltenders
Starting : Mike Brodeur
Backup : Ty Conklin
Extra Forwards
Normal : James Neal, Steve Downie, Derick Brassard - PP : Peter Prucha, Kyle Calder - PK : Steve Downie
Extra Defensemen
Normal : Tyler Sloan, Nathan Paetsch, Johnny Boychuk - PP : Nathan Paetsch - PK : Tyler Sloan, Nathan Paetsch
Penalty Shots
Peter Prucha, Niclas Bergfors, Mats Sundin, James Neal, Richard Zednik
Sharks
5 vs 5 Forward
Center Left Wing Right Wing Time % Phy DF OF
1 Mikko Koivu Dany Heatley Teemu Selanne 40 1 2 2
2 Adam Mair Daniel Sedin Ian Laperriere 30 1 2 2
3 David Krejci Matt Moulson Sheldon Keefe 20 1 2 2
4 Dany Heatley Martin Samuelsson Nikolai Zherdev 10 1 2 2
5 vs 5 Defense
Defense Defense Time % Phy DF OF
1 Joni Pitkanen Filip Kuba 40 1 2 2
2 Shaone Morrisonn David Hale 30 1 2 2
3 Adam Pardy Matt Walker 20 1 2 2
4 Joni Pitkanen Filip Kuba 10 1 2 2
PowerPlay Forward
Center Left Wing Right Wing Time % Phy DF OF
1 Mikko Koivu Dany Heatley Teemu Selanne 60 1 2 2
2 Adam Mair Daniel Sedin Ian Laperriere 40 1 2 2
PowerPlay Defense
Defense Defense Time % Phy DF OF
1 Joni Pitkanen Filip Kuba 60 1 2 2
2 Shaone Morrisonn David Hale 40 1 2 2
Penalty Kill 4 Players Forward
Center Wing Time % Phy DF OF
1 Dany Heatley Daniel Sedin 60 1 2 2
2 Teemu Selanne Mikko Koivu 40 1 2 2
Penalty Kill 4 Players Defense
Defense Defense Time % Phy DF OF
1 Joni Pitkanen Filip Kuba 60 1 2 2
2 Shaone Morrisonn David Hale 40 1 2 2
Penalty Kill - 3 Players Forward
Forward Time % Phy DF OF
1 Dany Heatley 60 1 2 2
2 Daniel Sedin 40 1 2 2
Penalty Kill - 3 Players Defense
Defense Defense Time % Phy DF OF
1 Joni Pitkanen Filip Kuba 60 1 2 2
2 Shaone Morrisonn David Hale 40 1 2 2
4 vs 4 Forward
Center Wing Time % Phy DF OF
1 Dany Heatley Daniel Sedin 60 1 2 2
2 Teemu Selanne Mikko Koivu 40 1 2 2
4 vs 4 Defense
Defense Defense Time % Phy DF OF
1 Joni Pitkanen Filip Kuba 60 1 2 2
2 Shaone Morrisonn David Hale 40 1 2 2
Last Minutes Offensive
Center Left Wing Right Wing Defense Defense
Mikko Koivu Dany Heatley Teemu Selanne Joni Pitkanen Filip Kuba
Last Minutes Defensive
Center Left Wing Right Wing Defense Defense
Mikko Koivu Dany Heatley Teemu Selanne Joni Pitkanen Filip Kuba
Goaltenders
Starting : Jimmy Howard
Backup : Martin Biron
Extra Forwards
Normal : Sheldon Keefe, Nikolai Zherdev, Matt Moulson - PP : Sheldon Keefe, Nikolai Zherdev - PK : Matt Moulson
Extra Defensemen
Normal : Adam Pardy, Matt Walker, Shaone Morrisonn - PP : Adam Pardy - PK : Matt Walker, Shaone Morrisonn
Penalty Shots
Dany Heatley, Daniel Sedin, Teemu Selanne, Mikko Koivu, Ian Laperriere
% Time on Ice - Sabres
Lines # - Real PCT - Wanted PCT - Time Play
Normal Forward
1 - 35% - 40% - 16:16
2 - 30% - 30% - 13:50
3 - 20% - 20% - 9:01
4 - 15% - 10% - 7:00
Normal Defense
1 - 39% - 40% - 18:07
2 - 32% - 30% - 14:58
3 - 26% - 20% - 11:54
4 - 2% - 10% - 1:08
PP Forward
1 - 58% - 60% - 3:26
2 - 42% - 40% - 2:31
PP Defense
1 - 62% - 60% - 3:43
2 - 38% - 40% - 2:14
PK Forward
1 - 78% - 60% - 6:11
2 - 22% - 40% - 1:45
PK Defense
1 - 53% - 60% - 4:12
2 - 47% - 40% - 3:44
PK3 Forward
1 - 0% - 60%
2 - 0% - 40%
PK3 Defense
1 - 0% - 60%
2 - 0% - 40%
44 Forward
1 - 0% - 60%
2 - 0% - 40%
44 Defense
1 - 0% - 60%
2 - 0% - 40%
Last Minute Offensive - 0:00
Last Minute Defensive - 0:00
Total
Forward - 60:00
Defense - 60:00
|
% Time on Ice - Sharks
Lines # - Real PCT - Wanted PCT - Time Play
Normal Forward
1 - 37% - 40% - 16:57
2 - 27% - 30% - 12:33
3 - 23% - 20% - 10:33
4 - 13% - 10% - 6:04
Normal Defense
1 - 40% - 40% - 18:35
2 - 30% - 30% - 13:37
3 - 28% - 20% - 12:44
4 - 3% - 10% - 1:11
PP Forward
1 - 54% - 60% - 4:15
2 - 46% - 40% - 3:41
PP Defense
1 - 64% - 60% - 5:06
2 - 36% - 40% - 2:50
PK Forward
1 - 80% - 60% - 4:45
2 - 20% - 40% - 1:12
PK Defense
1 - 50% - 60% - 2:59
2 - 50% - 40% - 2:58
PK3 Forward
1 - 0% - 60%
2 - 0% - 40%
PK3 Defense
1 - 0% - 60%
2 - 0% - 40%
44 Forward
1 - 0% - 60%
2 - 0% - 40%
44 Defense
1 - 0% - 60%
2 - 0% - 40%
Last Minute Offensive - 0:00
Last Minute Defensive - 0:00
Total
Forward - 60:00
Defense - 60:00
|
Play by Play
1st period
0:01 of 1st period - Teemu Selanne wins face-off versus Mats Sundin in neutral zone.
0:08 of 1st period - Snap shot by Mikko Koivu.
0:08 of 1st period - Shot Blocked by Craig Rivet.
0:57 of 1st period - Slapshot by Derick Brassard.
0:57 of 1st period - Stopped by Jimmy Howard with a rebound.
1:17 of 1st period - Snap shot by Richard Zednik.
1:17 of 1st period - Shot Blocked by Matt Walker.
1:19 of 1st period - Slapshot by Ole-Kristian Tollefsen.
1:19 of 1st period - Deflect By Curtis Glencross.
1:19 of 1st period - Stopped by Jimmy Howard with a rebound.
1:21 of 1st period - Snap shot by Curtis Glencross.
1:21 of 1st period - Stopped by Jimmy Howard without a rebound.
1:22 of 1st period - Ryan Hollweg wins face-off versus Mikko Koivu in Sharks zone.
1:33 of 1st period - Backhand shot by Dany Heatley.
1:33 of 1st period - Stopped by Mike Brodeur with a rebound.
1:35 of 1st period - Slapshot by Filip Kuba.
1:35 of 1st period - Deflect By Mikko Koivu.
1:35 of 1st period - Shot Misses the Net.
1:35 of 1st period - Puck is out of play.
1:36 of 1st period - Mike Fisher wins face-off versus Adam Mair in Sabres zone.
1:43 of 1st period - Wrist shot by Mike Fisher.
1:43 of 1st period - Stopped by Jimmy Howard with a rebound.
2:01 of 1st period - Teemu Selanne is hit by Ryan Hollweg and loses puck.
2:10 of 1st period - Snap shot by Niclas Bergfors.
2:10 of 1st period - Stopped by Jimmy Howard with a rebound.
3:16 of 1st period - Snap shot by Niclas Bergfors.
3:16 of 1st period - Shot Misses the Net.
3:45 of 1st period - Off-side.
3:46 of 1st period - Adam Mair wins face-off versus Derick Brassard in neutral zone.
4:18 of 1st period - Wrist shot by Mikko Koivu.
4:18 of 1st period - Shot Blocked by Nathan Paetsch.
5:06 of 1st period - Dany Heatley is hit by Ryan Hollweg and loses puck.
6:38 of 1st period - Snap shot by Steve Downie.
6:38 of 1st period - Shot Blocked by Sheldon Keefe.
6:56 of 1st period - Wrist shot by Peter Prucha.
6:56 of 1st period - Deflect By Derick Brassard.
6:56 of 1st period - Stopped by Jimmy Howard without a rebound.
6:57 of 1st period - Derick Brassard wins face-off versus Mikko Koivu in Sharks zone.
7:12 of 1st period - Snap shot by Derick Brassard.
7:12 of 1st period - Stopped by Jimmy Howard without a rebound.
7:13 of 1st period - Adam Mair wins face-off versus Mats Sundin in Sharks zone.
7:18 of 1st period - Snap shot by Ryan Hollweg.
7:18 of 1st period - Deflect By Mats Sundin.
7:18 of 1st period - Shot Misses the Net.
7:18 of 1st period - Puck is out of play.
7:19 of 1st period - Mats Sundin wins face-off versus Adam Mair in Sharks zone.
7:28 of 1st period - Wrist shot by Niclas Bergfors.
7:28 of 1st period - Stopped by Jimmy Howard without a rebound.
7:29 of 1st period - Mikko Koivu wins face-off versus Ryan Hollweg in Sharks zone.
7:50 of 1st period - Teemu Selanne is hit by Ole-Kristian Tollefsen and loses puck.
8:15 of 1st period - Snap shot by Mikko Koivu.
8:15 of 1st period - Shot Misses the Net.
8:17 of 1st period - Wrist shot by Mikko Koivu.
8:17 of 1st period - Deflect By Jason Smith.
8:17 of 1st period - Stopped by Mike Brodeur without a rebound.
8:18 of 1st period - Mike Fisher wins face-off versus Adam Mair in Sabres zone.
8:18 of 1st period - Mike Fisher is hit by Daniel Sedin.
8:25 of 1st period - Icing by David Hale.
8:26 of 1st period - Mike Fisher wins face-off versus Adam Mair in Sharks zone.
8:53 of 1st period - Wrist shot by Daniel Sedin.
8:53 of 1st period - Stopped by Mike Brodeur without a rebound.
8:54 of 1st period - David Krejci wins face-off versus Derick Brassard in Sabres zone.
9:05 of 1st period - Snap shot by David Krejci.
9:05 of 1st period - Stopped by Mike Brodeur with a rebound.
9:11 of 1st period - Snap shot by Derick Brassard.
9:11 of 1st period - Shot Misses the Net.
9:13 of 1st period - Snap shot by Kyle Calder.
9:13 of 1st period - Shot Blocked by Filip Kuba.
9:15 of 1st period - Wrist shot by Peter Prucha.
9:15 of 1st period - Sabres goal is going for a video replay.
9:15 of 1st period - The goal is good.
9:15 of 1st period - Goal by Peter Prucha - Sabres : 1 - Sharks : 0.
9:16 of 1st period - Mikko Koivu wins face-off versus Mats Sundin in neutral zone.
9:30 of 1st period - Slapshot by Mats Sundin.
9:30 of 1st period - Stopped by Jimmy Howard with a rebound.
9:42 of 1st period - Filip Kuba is hit by Mike Fisher and loses puck.
9:53 of 1st period - Wrist shot by Adam Mair.
9:53 of 1st period - Deflect By Daniel Sedin.
9:53 of 1st period - Stopped by Mike Brodeur without a rebound.
9:54 of 1st period - Mats Sundin wins face-off versus Mikko Koivu in Sabres zone.
9:59 of 1st period - Wrist shot by Niclas Bergfors.
9:59 of 1st period - Deflect By Dany Heatley.
9:59 of 1st period - Shot Misses the Net.
9:59 of 1st period - Puck is out of play.
10:00 of 1st period - Mikko Koivu wins face-off versus Mats Sundin in Sharks zone.
10:11 of 1st period - Teemu Selanne is hit by Mats Sundin and loses puck.
10:28 of 1st period - Wrist shot by Dany Heatley.
10:28 of 1st period - Shot Misses the Net.
10:36 of 1st period - Wrist shot by Niclas Bergfors.
10:36 of 1st period - Shot Blocked by Matt Walker.
10:38 of 1st period - Slapshot by Johnny Boychuk.
10:38 of 1st period - Stopped by Jimmy Howard with a rebound.
10:40 of 1st period - Slapshot by Jason Smith.
10:40 of 1st period - Shot Misses the Net.
10:42 of 1st period - Slapshot by Johnny Boychuk.
10:42 of 1st period - Shot Blocked by Dany Heatley.
10:50 of 1st period - Snap shot by Niclas Bergfors.
10:50 of 1st period - Shot Misses the Net.
11:16 of 1st period - Snap shot by Mikko Koivu.
11:16 of 1st period - Shot Blocked by Johnny Boychuk.
11:34 of 1st period - Snap shot by Mats Sundin.
11:34 of 1st period - Shot Misses the Net.
11:44 of 1st period - Johnny Boychuk is hit by Teemu Selanne and loses puck.
12:15 of 1st period - Slapshot by Mats Sundin.
12:15 of 1st period - Stopped by Jimmy Howard without a rebound.
12:16 of 1st period - Adam Mair wins face-off versus Mike Fisher in Sharks zone.
12:29 of 1st period - Backhand shot by Daniel Sedin.
12:29 of 1st period - Stopped by Mike Brodeur without a rebound.
12:30 of 1st period - Mike Fisher wins face-off versus David Krejci in Sabres zone.
13:48 of 1st period - Mike Fisher is hit by Nikolai Zherdev and loses puck.
14:50 of 1st period - Icing by Mike Fisher.
14:51 of 1st period - Mike Fisher wins face-off versus Martin Samuelsson in Sabres zone.
15:40 of 1st period - Wrist shot by Peter Prucha.
15:40 of 1st period - Shot Hit the Post.
15:42 of 1st period - Snap shot by Kyle Calder.
15:42 of 1st period - Goal by Kyle Calder - Sabres : 2 - Sharks : 0.
15:43 of 1st period - Mike Fisher wins face-off versus Mikko Koivu in neutral zone.
15:54 of 1st period - Snap shot by Dany Heatley.
15:54 of 1st period - Shot Blocked by Tyler Sloan.
15:59 of 1st period - Icing by Nathan Paetsch.
16:00 of 1st period - Adam Mair wins face-off versus Mike Fisher in Sabres zone.
16:05 of 1st period - Wrist shot by Daniel Sedin.
16:05 of 1st period - Shot Blocked by Steve Downie.
16:12 of 1st period - Minor Penalty to Daniel Sedin for Interference.
16:13 of 1st period - Dany Heatley wins face-off versus Derick Brassard in Sharks zone.
16:46 of 1st period - Slapshot by Ryan Hollweg.
16:46 of 1st period - Stopped by Jimmy Howard with a rebound.
18:12 of 1st period - Penalty to Daniel Sedin is over, Daniel Sedin is back on ice.
18:30 of 1st period - David Hale is hit by Curtis Glencross and loses puck.
19:48 of 1st period - Icing by Daniel Sedin.
19:49 of 1st period - Nikolai Zherdev wins face-off versus Derick Brassard in Sharks zone.
Goals for this period are 2 for Sabres vs 0 for Sharks.
Shots for this period are 14 for Sabres vs 6 for Sharks.
2nd period
0:01 of 2nd period - Mikko Koivu wins face-off versus Mats Sundin in neutral zone.
1:02 of 2nd period - Minor Penalty to David Krejci for Roughing.
1:03 of 2nd period - Derick Brassard wins face-off versus Dany Heatley in Sharks zone.
1:14 of 2nd period - Derick Brassard is hit by Daniel Sedin and loses puck.
1:29 of 2nd period - Mats Sundin is hit by Mikko Koivu.
1:39 of 2nd period - Snap shot by Steve Downie.
1:39 of 2nd period - Shot Misses the Net.
2:05 of 2nd period - Ole-Kristian Tollefsen is hit by Filip Kuba and loses puck.
3:02 of 2nd period - Penalty to David Krejci is over, David Krejci is back on ice.
3:45 of 2nd period - Dany Heatley is hit by Curtis Glencross and loses puck.
4:08 of 2nd period - Nathan Paetsch is hit by Daniel Sedin.
4:30 of 2nd period - Mikko Koivu is hit by Richard Zednik and loses puck.
4:47 of 2nd period - Craig Rivet is hit by Adam Pardy and loses puck.
6:01 of 2nd period - Ian Laperriere is hit by Curtis Glencross and loses puck.
6:14 of 2nd period - Shaone Morrisonn is hit by Johnny Boychuk.
6:53 of 2nd period - Peter Prucha is hit by Ian Laperriere and loses puck.
7:06 of 2nd period - Wrist shot by Ryan Hollweg.
7:06 of 2nd period - Stopped by Jimmy Howard with a rebound.
7:08 of 2nd period - Slapshot by Ryan Hollweg.
7:08 of 2nd period - Stopped by Jimmy Howard with a rebound.
7:32 of 2nd period - Derick Brassard is hit by Ian Laperriere and loses puck.
7:47 of 2nd period - Snap shot by Nikolai Zherdev.
7:47 of 2nd period - Stopped by Mike Brodeur with a rebound.
7:49 of 2nd period - Snap shot by Nikolai Zherdev.
7:49 of 2nd period - Shot Misses the Net.
8:12 of 2nd period - Teemu Selanne is hit by Jason Smith and loses puck.
8:19 of 2nd period - Johnny Boychuk is hit by Dany Heatley and loses puck.
8:30 of 2nd period - Matt Walker is hit by Jason Smith.
8:34 of 2nd period - Matt Moulson is hit by Craig Rivet and loses puck.
9:14 of 2nd period - Nathan Paetsch is hit by Teemu Selanne and loses puck.
9:53 of 2nd period - David Hale is hit by Ryan Hollweg and loses puck.
10:08 of 2nd period - Teemu Selanne is hit by Curtis Glencross and loses puck.
10:26 of 2nd period - Daniel Sedin is hit by Steve Downie and loses puck.
11:33 of 2nd period - Steve Downie is hit by Martin Samuelsson and loses puck.
12:08 of 2nd period - Martin Samuelsson is hit by Nathan Paetsch and loses puck.
12:13 of 2nd period - Wrist shot by Curtis Glencross.
12:13 of 2nd period - Stopped by Jimmy Howard with a rebound.
13:04 of 2nd period - Adam Mair is hit by Nathan Paetsch and loses puck.
13:35 of 2nd period - Backhand shot by Mike Fisher.
13:35 of 2nd period - Goal by Mike Fisher - Sabres : 3 - Sharks : 0.
13:36 of 2nd period - Daniel Sedin wins face-off versus Mike Fisher in neutral zone.
13:39 of 2nd period - Slapshot by Filip Kuba.
13:39 of 2nd period - Deflect By Daniel Sedin.
13:39 of 2nd period - Stopped by Mike Brodeur without a rebound.
13:40 of 2nd period - Mike Fisher wins face-off versus Adam Mair in Sabres zone.
13:47 of 2nd period - Snap shot by Daniel Sedin.
13:47 of 2nd period - Stopped by Mike Brodeur without a rebound.
13:48 of 2nd period - Mats Sundin wins face-off versus Mikko Koivu in Sabres zone.
13:59 of 2nd period - Slapshot by Teemu Selanne.
13:59 of 2nd period - Stopped by Mike Brodeur without a rebound.
14:00 of 2nd period - Mikko Koivu wins face-off versus Mats Sundin in Sabres zone.
14:03 of 2nd period - Snap shot by Teemu Selanne.
14:03 of 2nd period - Shot Misses the Net.
14:09 of 2nd period - Slapshot by Mikko Koivu.
14:09 of 2nd period - Deflect By Teemu Selanne.
14:09 of 2nd period - Stopped by Mike Brodeur with a rebound.
14:11 of 2nd period - Snap shot by Teemu Selanne.
14:11 of 2nd period - Shot Blocked by Ole-Kristian Tollefsen.
14:13 of 2nd period - Slapshot by Filip Kuba.
14:13 of 2nd period - Goal by Filip Kuba - Sabres : 3 - Sharks : 1.
14:14 of 2nd period - Mikko Koivu wins face-off versus Mats Sundin in neutral zone.
14:19 of 2nd period - Snap shot by Mikko Koivu.
14:19 of 2nd period - Stopped by Mike Brodeur with a rebound.
14:21 of 2nd period - Slapshot by Filip Kuba.
14:21 of 2nd period - Stopped by Mike Brodeur without a rebound.
14:22 of 2nd period - Mats Sundin wins face-off versus Mikko Koivu in Sabres zone.
14:22 of 2nd period - Mats Sundin is hit by Filip Kuba.
14:25 of 2nd period - Minor Penalty to Ryan Hollweg for High sticking.
14:26 of 2nd period - Mikko Koivu wins face-off versus Rob Niedermayer in Sabres zone.
14:28 of 2nd period - Wrist shot by Dany Heatley.
14:28 of 2nd period - Stopped by Mike Brodeur with a rebound.
14:30 of 2nd period - Snap shot by Teemu Selanne.
14:30 of 2nd period - Stopped by Mike Brodeur without a rebound.
14:31 of 2nd period - Rob Niedermayer wins face-off versus Teemu Selanne in Sabres zone.
14:42 of 2nd period - Snap shot by Mats Sundin.
14:42 of 2nd period - Shot Misses the Net.
15:32 of 2nd period - Snap shot by Teemu Selanne.
15:32 of 2nd period - Shot Misses the Net.
15:34 of 2nd period - Slapshot by Joni Pitkanen.
15:34 of 2nd period - Shot Blocked by Jason Smith.
15:36 of 2nd period - Slapshot by Joni Pitkanen.
15:36 of 2nd period - Shot Blocked by Peter Prucha.
15:38 of 2nd period - Snap shot by Teemu Selanne.
15:38 of 2nd period - Deflect By Dany Heatley.
15:38 of 2nd period - Shot Misses the Net.
15:38 of 2nd period - Puck is out of play.
15:39 of 2nd period - Rob Niedermayer wins face-off versus Adam Mair in Sabres zone.
16:22 of 2nd period - Craig Rivet is hit by Filip Kuba and loses puck.
16:25 of 2nd period - Penalty to Ryan Hollweg is over, Ryan Hollweg is back on ice.
16:29 of 2nd period - Wrist shot by Nikolai Zherdev.
16:29 of 2nd period - Stopped by Mike Brodeur with a rebound.
16:31 of 2nd period - Wrist shot by Sheldon Keefe.
16:31 of 2nd period - Goal by Sheldon Keefe - Sabres : 3 - Sharks : 2.
16:32 of 2nd period - Mats Sundin wins face-off versus Mikko Koivu in neutral zone.
16:57 of 2nd period - Adam Mair is hit by Ole-Kristian Tollefsen and loses puck.
17:06 of 2nd period - Snap shot by Daniel Sedin.
17:06 of 2nd period - Stopped by Mike Brodeur without a rebound.
17:07 of 2nd period - Mike Fisher wins face-off versus Mikko Koivu in Sabres zone.
17:12 of 2nd period - Slapshot by Jason Smith.
17:12 of 2nd period - Stopped by Jimmy Howard without a rebound.
17:13 of 2nd period - Teemu Selanne wins face-off versus Mike Fisher in Sharks zone.
17:13 of 2nd period - Teemu Selanne is hit by James Neal.
17:18 of 2nd period - Icing by Joni Pitkanen.
17:19 of 2nd period - Mats Sundin wins face-off versus Mikko Koivu in Sharks zone.
17:22 of 2nd period - Snap shot by Ryan Hollweg.
17:22 of 2nd period - Shot Blocked by Dany Heatley.
17:32 of 2nd period - Mikko Koivu is hit by Mats Sundin and loses puck.
18:23 of 2nd period - Minor Penalty to Mikko Koivu for Tripping.
18:24 of 2nd period - Derick Brassard wins face-off versus Matt Moulson in Sharks zone.
18:57 of 2nd period - Shaone Morrisonn is hit by Ole-Kristian Tollefsen and loses puck.
19:16 of 2nd period - David Hale is hit by Ryan Hollweg.
19:59 of 2nd period - Icing by Mats Sundin.
Goals for this period are 1 for Sabres vs 2 for Sharks.
Shots for this period are 5 for Sabres vs 13 for Sharks.
3rd period
0:01 of 3rd period - Niclas Bergfors wins face-off versus Dany Heatley in neutral zone.
0:18 of 3rd period - Filip Kuba is hit by James Neal and loses puck.
0:23 of 3rd period - Penalty to Mikko Koivu is over, Mikko Koivu is back on ice.
0:26 of 3rd period - Minor Penalty to Rob Niedermayer for Hooking.
0:27 of 3rd period - Steve Downie wins face-off versus Mikko Koivu in Sabres zone.
0:54 of 3rd period - Mats Sundin is hit by Ian Laperriere.
1:31 of 3rd period - Jason Smith is hit by Ian Laperriere and loses puck.
1:52 of 3rd period - Ole-Kristian Tollefsen is hit by Daniel Sedin and loses puck.
2:17 of 3rd period - Slapshot by Filip Kuba.
2:17 of 3rd period - Shot Misses the Net.
2:19 of 3rd period - Slapshot by Joni Pitkanen.
2:19 of 3rd period - Shot Blocked by James Neal.
2:21 of 3rd period - Slapshot by Ian Laperriere.
2:21 of 3rd period - Stopped by Mike Brodeur without a rebound.
2:22 of 3rd period - Steve Downie wins face-off versus Mikko Koivu in Sabres zone.
2:26 of 3rd period - Penalty to Rob Niedermayer is over, Rob Niedermayer is back on ice.
2:31 of 3rd period - Wrist shot by Teemu Selanne.
2:31 of 3rd period - Shot Misses the Net.
2:43 of 3rd period - Rob Niedermayer is hit by David Hale and loses puck.
3:04 of 3rd period - Derick Brassard is hit by Shaone Morrisonn.
3:16 of 3rd period - Slapshot by Ole-Kristian Tollefsen.
3:16 of 3rd period - Shot Blocked by Adam Pardy.
3:46 of 3rd period - David Krejci is hit by Jason Smith and loses puck.
4:03 of 3rd period - Minor Penalty to James Neal for Holding.
4:04 of 3rd period - Mikko Koivu wins face-off versus Rob Niedermayer in Sabres zone.
4:11 of 3rd period - Snap shot by Mikko Koivu.
4:11 of 3rd period - Stopped by Mike Brodeur with a rebound.
4:13 of 3rd period - Slapshot by Filip Kuba.
4:13 of 3rd period - Shot Blocked by Johnny Boychuk.
4:15 of 3rd period - Slapshot by Mikko Koivu.
4:15 of 3rd period - Stopped by Mike Brodeur with a rebound.
5:09 of 3rd period - David Hale is hit by Rob Niedermayer and loses puck.
6:03 of 3rd period - Penalty to James Neal is over, James Neal is back on ice.
7:11 of 3rd period - Ole-Kristian Tollefsen is hit by Daniel Sedin and loses puck.
8:08 of 3rd period - Johnny Boychuk is hit by Daniel Sedin and loses puck.
8:40 of 3rd period - Wrist shot by Peter Prucha.
8:40 of 3rd period - Goal by Peter Prucha - Sabres : 4 - Sharks : 2.
8:41 of 3rd period - Adam Mair wins face-off versus Mats Sundin in neutral zone.
8:50 of 3rd period - Slapshot by Joni Pitkanen.
8:50 of 3rd period - Stopped by Mike Brodeur without a rebound.
8:51 of 3rd period - Mats Sundin wins face-off versus Adam Mair in Sabres zone.
9:02 of 3rd period - Ian Laperriere is hit by Mats Sundin and loses puck.
9:11 of 3rd period - Snap shot by Niclas Bergfors.
9:11 of 3rd period - Stopped by Jimmy Howard without a rebound.
9:12 of 3rd period - Mike Fisher wins face-off versus Mikko Koivu in Sharks zone.
9:19 of 3rd period - Wrist shot by Mike Fisher.
9:19 of 3rd period - Shot Blocked by Shaone Morrisonn.
9:21 of 3rd period - Slapshot by Ole-Kristian Tollefsen.
9:21 of 3rd period - Stopped by Jimmy Howard with a rebound.
9:23 of 3rd period - Slapshot by Ole-Kristian Tollefsen.
9:23 of 3rd period - Shot Blocked by David Hale.
9:25 of 3rd period - Snap shot by Steve Downie.
9:25 of 3rd period - Goal by Steve Downie - Sabres : 5 - Sharks : 2.
9:25 of 3rd period - Martin Biron enters game.
9:26 of 3rd period - Niclas Bergfors wins face-off versus Dany Heatley in neutral zone.
9:33 of 3rd period - Backhand shot by Niclas Bergfors.
9:33 of 3rd period - Deflect By Ryan Hollweg.
9:33 of 3rd period - Stopped by Martin Biron with a rebound.
9:35 of 3rd period - Snap shot by Ole-Kristian Tollefsen.
9:35 of 3rd period - Stopped by Martin Biron with a rebound.
9:37 of 3rd period - Wrist shot by Ole-Kristian Tollefsen.
9:37 of 3rd period - Shot Misses the Net.
9:39 of 3rd period - Snap shot by Ryan Hollweg.
9:39 of 3rd period - Stopped by Martin Biron with a rebound.
9:41 of 3rd period - Wrist shot by Niclas Bergfors.
9:41 of 3rd period - Shot Misses the Net.
9:51 of 3rd period - Daniel Sedin is hit by Steve Downie and loses puck.
10:03 of 3rd period - Icing by Adam Mair.
10:04 of 3rd period - Mats Sundin wins face-off versus Adam Mair in Sharks zone.
11:09 of 3rd period - Minor Penalty to Curtis Glencross for Slashing.
11:10 of 3rd period - Rob Niedermayer wins face-off versus Mikko Koivu in Sabres zone.
12:46 of 3rd period - Icing by Teemu Selanne.
12:47 of 3rd period - Steve Downie wins face-off versus Mikko Koivu in Sharks zone.
12:48 of 3rd period - Wrist shot by James Neal.
12:48 of 3rd period - Shot Blocked by Filip Kuba.
13:08 of 3rd period - Rob Niedermayer is hit by Daniel Sedin and loses puck.
13:09 of 3rd period - Penalty to Curtis Glencross is over, Curtis Glencross is back on ice.
13:24 of 3rd period - Curtis Glencross is hit by David Krejci and loses puck.
13:31 of 3rd period - Slapshot by Tyler Sloan.
13:31 of 3rd period - Shot Blocked by Shaone Morrisonn.
13:39 of 3rd period - David Hale is hit by Curtis Glencross and loses puck.
13:48 of 3rd period - Snap shot by Mats Sundin.
13:48 of 3rd period - Shot Misses the Net.
13:50 of 3rd period - Snap shot by Curtis Glencross.
13:50 of 3rd period - Stopped by Martin Biron with a rebound.
13:52 of 3rd period - Wrist shot by Johnny Boychuk.
13:52 of 3rd period - Stopped by Martin Biron with a rebound.
13:54 of 3rd period - Slapshot by Johnny Boychuk.
13:54 of 3rd period - Stopped by Martin Biron with a rebound.
14:04 of 3rd period - Slapshot by Martin Samuelsson.
14:04 of 3rd period - Shot Misses the Net.
14:06 of 3rd period - Slapshot by Shaone Morrisonn.
14:06 of 3rd period - Goal by Shaone Morrisonn - Sabres : 5 - Sharks : 3.
14:07 of 3rd period - Adam Mair wins face-off versus Mike Fisher in neutral zone.
14:32 of 3rd period - Kyle Calder is hit by Matt Moulson and loses puck.
14:37 of 3rd period - Snap shot by David Krejci.
14:37 of 3rd period - Shot Misses the Net.
15:25 of 3rd period - Mikko Koivu is hit by Derick Brassard and loses puck.
16:42 of 3rd period - Adam Pardy is hit by Curtis Glencross and loses puck.
17:30 of 3rd period - Icing by Mats Sundin.
17:31 of 3rd period - Teemu Selanne wins face-off versus Derick Brassard in Sabres zone.
17:50 of 3rd period - Slapshot by Jason Smith.
17:50 of 3rd period - Stopped by Martin Biron with a rebound.
17:56 of 3rd period - Johnny Boychuk is hit by Joni Pitkanen and loses puck.
18:54 of 3rd period - Nathan Paetsch is hit by David Hale and loses puck.
19:19 of 3rd period - Filip Kuba is hit by Mats Sundin and loses puck.
19:38 of 3rd period - Slapshot by Nikolai Zherdev.
19:38 of 3rd period - Shot Blocked by Craig Rivet.
19:40 of 3rd period - Wrist shot by Sheldon Keefe.
19:40 of 3rd period - Stopped by Mike Brodeur with a rebound.
19:42 of 3rd period - Snap shot by Nikolai Zherdev.
19:42 of 3rd period - Shot Misses the Net.
Goals for this period are 2 for Sabres vs 1 for Sharks.
Shots for this period are 11 for Sabres vs 6 for Sharks.
Output by the SimonT Hockey Simulator (STHS) for François Prévost -- Original Page W3C XHTML 1.0 Valid